 Dungeon Crawl Stone Soup version 0.30-a0-782-ge64f9170bb (webtiles) character file.

Game seed: 7126012490191576178

9 Moufas the Shield-Bearer (level 2, 0/13 (24) HPs)
             Began as a Formicid Fighter on Mar 2, 2023.
             Slain by a kobold
             ... wielding a +0 short sword
              (1 damage)
             ... on level 1 of the Dungeon.
             The game lasted 00:00:29 (148 turns).

Moufas the Shield-Bearer (Formicid Fighter)          Turns: 148, Time: 00:00:30

HP:   0/13 (24)     AC:  6    Str: 20    XL:     2   Next: 25%
MP:   2/2           EV:  9    Int:  7    God:
Gold: 3             SH:  5    Dex: 13    Spells: 1/1 levels left

rFire   . . .      SeeInvis +    a - +0 flail
rCold   . . .      Faith    .    c - +0 buckler
rNeg    . . .      Spirit   .    b - +0 scale mail
rPois   .          Reflect  .    (helmet unavailable)
rElec   .          Harm     .    (no cloak)
rCorr   .          Rampage  .    (no gloves)
Will    .....                    (no boots) Stlth
                                 (no amulet)
HPRegen 0.22/turn                (no ring)
MPRegen 0.08/turn                (no ring)

@: very heavily drained
A: permanent stasis, dig shafts and tunnels, antennae 3, four strong arms
a: Dig, Shaft Self


You were on level 1 of the Dungeon.
You visited 1 branch of the dungeon, and saw 1 of its levels.

You collected 3 gold pieces.

Inventory:

Hand Weapons
 a - a +0 flail (weapon)
Armour
 b - a +0 scale mail (worn)
 c - a +0 buckler (worn)
Potions
 d - a potion of might
 e - a potion of brilliance {unknown}


   Skills:
 + Level 3.4 Fighting
 + Level 2.2 Maces & Flails
 + Level 3.4 Armour
 + Level 4.2 Shields


You had one spell level left.
You didn't know any spells.
Your spell library was empty.

Dungeon Overview and Level Annotations

Branches:
Dungeon (1/15)

Altars:


Innate Abilities, Weirdness & Mutations

You cannot be hasted, slowed, berserked, paralysed or teleported.
You can dig through walls and to a lower floor.
You have a pair of large antennae on your head. (SInv)
Your four strong arms can wield two-handed weapons with a shield.


Message History

You are too injured to fight recklessly!
You are too injured to fight recklessly!
You are too injured to fight recklessly!
You are too injured to fight recklessly!
You are too injured to fight recklessly!
The goblin attacks as you move away! The goblin hits you but does no damage.
The goblin attacks as you move away!
The goblin hits you with a +1 dagger of draining.
You feel drained.
The kobold throws a stone.
The stone hits you but does no damage. The goblin hits you with a +0 dagger.
You sock the goblin!
You kill the goblin!
The goblin hits you but does no damage.
You feel drained.
The goblin hits you with a +1 dagger of draining.
You feel drained.
The rat twitches its whiskers.
You hit the rat.
You kill the rat!
The goblin hits you but does no damage.
You feel drained. You block the kobold's attack.
You closely miss the goblin. The goblin hits you but does no damage.
You feel drained. The kobold barely misses you.
The kobold hits you but does no damage.
You hit the goblin.
The goblin is severely wounded.
The goblin barely misses you.
The kobold hits you with a +0 short sword.
The kobold hits you with a +0 whip. The kobold closely misses you.
The goblin hits you with a +1 dagger of draining.
* * * LOW HITPOINT WARNING * * *
You feel drained.
* * * LOW HITPOINT WARNING * * *
The kobold hits you with a +0 short sword.
* * * LOW HITPOINT WARNING * * *
You barely miss the goblin.
The goblin is severely wounded.
The goblin closely misses you. The kobold hits you but does no damage.
The kobold hits you with a +0 short sword.
You die...

#....##.#.## #.#
#..........#### #.#
...............# #.#
##.......##.##.....
#.......##..######
#............[....#
.........###......#
..#............####
..#.......#....@g##
.......####..KK.####
.# #####†...# #..†.#
.........
######.....( #.....
#..[. ....


You could see a goblin and 2 kobolds.

Vanquished Creatures
  2 ball pythons (D:1)
  A bat (D:1)
  2 goblins (D:1)
  A hobgoblin (D:1)
  A quokka (D:1)
  A rat (D:1)
8 creatures vanquished.

Notes
Turn   | Place    | Note
-------+----------+-------------------------------------------
     0 | D:1      | Moufas the Formicid Fighter began the quest for the Orb.
     0 | D:1      | Reached XP level 1. HP: 18/18 MP: 1/1
   130 | D:1      | Reached XP level 2. HP: 24/24 MP: 2/2
   148 | D:1      | Slain by a kobold

Illustrated notes

Levels and vault maps discovered:
D:1:      kennysheep_arrival_seaside, layout_rooms

Action                     || total
---------------------------++-------
  Melee: Flail             ||    28
 Armour: Scale mail        ||    28
  Dodge: Dodged            ||    19
  Block: Buckler           ||    17

Table legend: (Time is in decaauts)
 A = Elapsed time spent in this place.
 B = Non-inter-level travel time spent in this place.
 C = Inter-level travel time spent in this place.
 D = Time resting spent in this place.
 E = Time spent auto-exploring this place.
 F = Levels seen in this place.
 G = Mean time per level.
                   A        B        C        D        E       F      G
               +--------+--------+--------+--------+--------+-----+--------+
         Total |    157 |    157 |      0 |      0 |    102 |   1 |  157.0 |
       Dungeon |    157 |    157 |      0 |      0 |    102 |   1 |  157.0 |
               +--------+--------+--------+--------+--------+-----+--------+

Top non-repeatable levels by time:
     D:1: 157 daAuts
